 Dungeon Crawl Stone Soup version 0.17-a0-2108-g65e8068 (webtiles) character file.

82 Arkorax the Sneak (level 4, -1/42 HPs)
             Began as a Naga Monk on Oct 19, 2015.
             Slain by a goblin
             ... wielding a +0 club
             ... led by Robin
              (6 damage)
             ... on level 2 of the Dungeon.
             The game lasted 00:04:46 (2492 turns).

Arkorax the Sneak (Naga Monk)                       Turns: 2492, Time: 00:04:46

Health: -1/42      AC:  2    Str: 14    XL:     4   Next: 43%
Magic:  4/4        EV: 10    Int: 10    God:
Gold:   62         SH:  0    Dex: 14    Spells: 0 memorised, 3 levels left

rFire  . . .     SeeInvis +     i - +0 dagger
rCold  . . .     Clarity  .     a - +0 robe
rNeg   . . .     SustAt   .     (no shield)
rPois  +         Gourm    .     (no helmet)
rElec  .         Spirit   .     (no cloak)
rCorr  .         Warding  .     (no gloves)
rMut   .         Stasis   .     (no barding)
MR     .....                    (no amulet)
Stlth  ++++......               (no ring)
                                (no ring)

@: flying, very slow, not resistant to hostile enchantments, stealthy
A: see invisible, deformed body, poison resistance, slowness 2, slow metabolism
1, spit poison 2, AC +1
a: Spit Poison


You were on level 2 of the Dungeon.
You were hungry.

You visited 1 branch of the dungeon, and saw 3 of its levels.

You collected 62 gold pieces.

Inventory:

Hand Weapons
 i - a +0 dagger (weapon)
Armour
 a - a +0 robe (worn)
Scrolls
 d - a scroll of enchant weapon {unknown}
 e - a scroll of identify {unknown}
 f - a scroll of fear {unknown}
 g - a scroll of blinking {unknown}
Potions
 c - 2 potions of flight
Comestibles
 b - 2 bread rations
 h - a meat ration


   Skills:
 - Level 3.0 Fighting
 + Level 0.6 Short Blades
 - Level 2.4 Dodging
 + Level 6.9 Stealth
 - Level 4.0 Unarmed Combat


You had 3 spell levels left.
You didn't know any spells.

Dungeon Overview and Level Annotations

Branches:
Dungeon (3/15)

Altars:
Xom

Annotations:
D:2 Robin


Innate Abilities, Weirdness & Mutations

You cannot wear boots.
Your serpentine skin is tough (AC +1).
You have supernaturally acute eyesight.
Armour fits poorly on your strangely shaped body.
Your system is resistant to poisons.
You cover ground very slowly.
You have a slow metabolism.
You can spit poison.


Message History

* * * LOW HITPOINT WARNING * * *
The goblin hits you with a club.
* * * LOW HITPOINT WARNING * * *
The kobold hits you but does no damage. The goblin hits you but does no damage.
The kobold throws a stone.
The stone misses you. Robin hits you with a club.
* * * LOW HITPOINT WARNING * * *
The goblin barely misses you.
Robin says, "Feeling lonely?"
Robin throws the goblin at you!
* * * LOW HITPOINT WARNING * * *
You hit the goblin. Your punch misses the goblin.
The goblin is heavily wounded.
You have got your breath back.
The goblin closely misses you. The kobold hits you but does no damage.
Robin closely misses you.
Robin looks more healthy.
The goblin hits you with a club.
* * * LOW HITPOINT WARNING * * *
Robin throws the goblin at you! The goblin hits you with a club.
You die...

..#...###.######...####...###.###
....#.# #.# #.#..##..#.# #....
...##.###.# #.##.#.....###....
####8.8##.# ##.##..............
##........# ##(..#........#.....
...#8.8#..## #.....##............
...##.###..# #....g#.....#.......
.......###.###...................
.....#..##.##..g@K........###...#
.....##..#.#...........#.###..♣..
.....###.#..........)..#.##......
.....###......#.....##)..#..♣...÷
.............##....####........>.
....####.........#.###..#...♣....
...## ###.[...#..>..(..(........
.### #...........K###.#...♣.. .#
#...#(#..........#.#...#


You could see Robin, a goblin (frenzied) and a kobold.

Vanquished Creatures
  2 adders (D:2)
  3 giant cockroaches
  14 goblins
  8 hobgoblins
  A ball python (D:1)
  4 bats
  7 giant newts
  10 jackals
  6 kobolds
  7 rats
62 creatures vanquished.

Notes
Turn   | Place    | Note
--------------------------------------------------------------
     0 | D:1      | Arkorax the Naga Monk began the quest for the Orb.
     0 | D:1      | Reached XP level 1. HP: 21/21 MP: 1/1
   222 | D:1      | Reached XP level 2. HP: 10/28 MP: 2/2
   764 | D:1      | Reached skill level 5 in Stealth
   796 | D:1      | Reached XP level 3. HP: 23/34 MP: 3/3
  1607 | D:2      | Reached skill level 6 in Stealth
  1653 | D:2      | Reached XP level 4. HP: 8/42 MP: 4/4
  2157 | D:2      | Found a shimmering altar of Xom.
  2462 | D:3      | Noticed Robin
  2492 | D:2      | Slain by a goblin

Vault maps used:
D:1:      grunt_arrival_lava_bath, minivault_19
D:2:      lemuel_coloured_pillars_altar, small_statue_intersection,
          grunt_ministairs_9
D:3:      kennysheep_goblin_castle, uniq_robin

Action                   |  1- 3 |  4- 6 || total
-------------------------+-------+-------++-------
Melee: Unarmed           |   111 |       ||   111
       Dagger            |    44 |    69 ||   113
 Abil: Spit Poison       |     2 |     1 ||     3
  Use: Potion            |       |     1 ||     1
 Stab: Sleeping          |     8 |     6 ||    14
       Distracted        |     1 |       ||     1
  Eat: Chunk             |     1 |     2 ||     3
